 Dungeon Crawl Stone Soup version 0.20-a0-640-g62ed22f (webtiles) character file.

15256416 nono the Conqueror (level 27, 271/271 (273) HPs)
             Began as a Ghoul Fighter on Feb 11, 2017.
             Was the Champion of Ashenzari.
             Escaped with the Orb
             ... and 15 runes on Feb 13, 2017!
             The game lasted 11:06:49 (103644 turns).

nono the Conqueror (Ghoul Fighter)                Turns: 103644, Time: 11:06:49

HP:   271/271 (273) AC: 49    Str: 30    XL:     27
MP:   39/39         EV: 21    Int:  9    God:    Ashenzari [******]
Gold: 7551          SH: 32    Dex: 11    Spells: 26/26 levels left

rFire    + + +     SeeInvis +   Z - +9 demon whip (freeze) (curse)
rCold    + + +     Gourm    .   h - +10 plate armour of the Several People {rC+ Int+7} (curse)
rNeg     + + +     Faith    .   c - +4 large shield {AC+3} (curse)
rPois    ∞         Spirit   +   a - +2 hat of the Bear Spirit {Spirit, +Rage rN+ MR++} (curse)
rElec    +         Reflect  .   g - +2 cloak {MR+} (curse)
rCorr    .         Harm     .   i - +2 pair of gloves {Dex+3} (curse)
MR       +++++     Clarity  +   J - +2 pair of boots {Fly} (curse)
Stlth    ++........             F - amulet of regeneration
Regen    1.0/turn               Y - ring "Ferykaha" {rPois rF++ rC+ Int-4 SInv}
MPRegen  0.3/turn               w - ring of Catos {+Fly rElec rF++}

@: flying, rotting
A: rotting body, claws 1, carnivore 3, cold resistance 1, negative energy
resistance 3, slow regeneration 1, torment resistance, unbreathing
0: Orb of Zot
}: 15/15 runes: decaying, serpentine, slimy, silver, golden, iron, obsidian,
icy, bone, abyssal, demonic, glowing, magical, fiery, dark
a: Curse Item, Scrying, Transfer Knowledge, Renounce Religion, Stop Flying


You escaped.
You worshipped Ashenzari.
Ashenzari was exalted by your worship.
You were not hungry.

You visited 17 branches of the dungeon, and saw 89 of its levels.
You visited Pandemonium 2 times, and saw 43 of its levels.
You visited the Abyss 2 times.
You visited 1 bazaar.
You also visited: Trove, Ossuary and Desolation.

You collected 12209 gold pieces.
You spent 4658 gold pieces at shops.

Inventory:

Hand Weapons
 S - the +7 sceptre of Torment
   (You found it on level 7 of Cocytus)
 Z - a cursed +9 demon whip of freezing (weapon)
Missiles
 k - 17 javelins (quivered)
 M - 12 tomahawks of returning
Armour
 a - the cursed +2 hat of the Bear Spirit (worn) {Spirit, +Rage rN+ MR++}
   (You found it in a treasure trove)

   It protects you from negative energy.
   It affects your resistance to hostile enchantments.
   It lets you go berserk.
   It has a curse placed upon it.
 c - a cursed +4 large shield of protection (worn)
 g - a cursed +2 cloak of magic resistance (worn)
 h - the cursed +10 plate armour of the Several People (worn) {rC+ Int+7}
   (You found it in a treasure trove)

   It affects your intelligence (+7).
   It protects you from cold.
   It has a curse placed upon it.
 i - a cursed +2 pair of gloves of dexterity (worn)
 E - the +1 faerie dragon scales {MR+ rCorr}
   (You took it off the Enchantress on level 1 of the Depths)

   It affects your resistance to hostile enchantments.
   It protects you from acid and corrosion.
 J - a cursed +2 pair of boots of flying (worn)
Jewellery
 b - the ring "Raiduk" {rF+ MP+9 Str+2}
   (You bought it in a shop on level 1 of the Elven Halls)

   [ring of protection from fire]

   It affects your strength (+2).
   It protects you from fire.
   It affects your magic capacity (+9).
 w - the ring of Catos (left hand) {+Fly rElec rF++}
   (You took it off a yaktaur captain on level 5 of the Vaults)

   [ring of flight]

   It greatly protects you from fire.
   It insulates you from electricity.
   It lets you fly.
 D - a +5 amulet of reflection
 F - an amulet of regeneration (around neck)
 N - an uncursed ring of resist corrosion
 X - the amulet "Herok" {Gourm rElec Str+3 Int+3}
   (You bought it in a shop on level 1 of the Depths)

   [amulet of the gourmand]

   It allows you to eat raw meat even when not hungry.
   It affects your strength (+3).
   It affects your intelligence (+3).
   It insulates you from electricity.
 Y - the ring "Ferykaha" (right hand) {rPois rF++ rC+ Int-4 SInv}
   (You took it off a deep elf blademaster on level 3 of the Elven Halls)

   [ring of see invisible]

   It affects your intelligence (-4).
   It greatly protects you from fire.
   It protects you from cold.
   It protects you from poison.
   It lets you see invisible.
Wands
 l - a wand of paralysis (13/24)
 p - a wand of digging (3/24)
 G - a wand of confusion (0/48)
 H - a wand of acid (0/15)
 I - a wand of scattershot (2/9)
Scrolls
 e - 49 scrolls of identify
 n - 5 scrolls of immolation
 o - 6 scrolls of teleportation
 s - 4 scrolls of blinking
 x - 5 scrolls of recharging
 y - 7 scrolls of fog
 B - 13 scrolls of enchant weapon
 L - 7 scrolls of magic mapping
 P - 22 scrolls of remove curse
 T - 10 scrolls of fear
 W - 8 scrolls of silence
Potions
 q - 11 potions of curing
 r - 2 potions of haste
 t - 8 potions of cancellation
 v - 6 potions of resistance
 z - 10 potions of ambrosia
 C - 3 potions of agility
 R - 10 potions of invisibility
Miscellaneous
 d - a sack of spiders
 j - a phial of floods
 u - a lightning rod (4/4)
 K - a fan of gales
 Q - the horn of Geryon
 U - a lamp of fire
Comestibles
 f - 26 meat rations
 O - 40 royal jellies


   Skills:
 O Level 27 Fighting
 + Level 23.5(26.7) Maces & Flails
 - Level 23.2(27) Armour
 O Level 27 Dodging
 + Level 23.5 Stealth
 - Level 25.1(27) Shields
 O Level 27 Evocations


You had 26 spell levels left.
You didn't know any spells.

Dungeon Overview and Level Annotations

Branches:
Dungeon (15/15)            Temple (0/1) D:6            Lair (6/6) D:8
  Swamp (4/4) Lair:4        Snake (4/4) Lair:3        Slime (5/5) Lair:5
    Orc (2/2) D:12            Elf (3/3) Orc:2        Vaults (5/5) D:14
  Crypt (3/3) Vaults:3       Tomb (3/3) Crypt:3      Depths (5/5) D:15
   Hell (1/1)                 Dis (7/7) Hell            Geh (7/7) Hell
    Coc (7/7) Hell            Tar (7/7) Hell            Zot (5/5) Depths:5

Altars:
Ashenzari
Dithmenos
Elyvilon
Fedhas
Gozag
Hepliaklqana
Kikubaaqudgha
Makhleb
Okawaru
Qazlal
Ru
Sif Muna
Trog
Uskayaw
Vehumet
Yredelemnul
The Shining One
Beogh

Shops:
D:8 *   D:15 :[(   Orc:2 ([[*[   Elf:1 =   Snake:4 [}   Vaults:2 }   Vaults:4 (
Depths:1 =}

Portals:
Hell: Depths:1 Depths:2 Depths:3 Depths:4 Depths:5
Abyss: Depths:4
Pandemonium: Depths:3 Depths:5
Ziggurat: D:1 Depths:2

Annotations:
Swamp:2 Mara
Elf:2 exclusion: Roxanne, Roxanne
Crypt:3 Mennas
Depths:5 2 runed doors
Coc:7 Antaeus


Innate Abilities, Weirdness & Mutations

Your body is rotting away.
You thrive on raw meat.
You are immune to poison.
You have sharp fingernails.
You are carnivorous and can eat meat at any time.
Your flesh is cold resistant. (rC+)
You are immune to negative energy. (rN+++)
You regenerate slowly when monsters are visible.
You are immune to unholy pain and torment.
You can survive without breathing.


Message History

Magic restored.
You hear a grinding noise.
You hear a grinding noise.
There is an escape hatch in the floor here.
There is a stone staircase leading up here.
You fly upwards.
There is a stone staircase leading down here.
There is an open door here.
HP restored.
There is a staircase leading out of the dungeon here.
There is an open door here.
Evoke which item? (* to show all) (? for menu, Esc to quit)
You set the figurine down, and a mystic portal to a ziggurat forms.
There is an open door here.
There is a gateway to a ziggurat here.
There is an open door here.
There is a staircase leading out of the dungeon here.
Unknown command.
Unknown command.
You have escaped!

......##..#####.∩.....#.#.#
#.........######'######.#.# ###
#.###.###.##.........##...# #..
#.....###.##.........##.#########
#####.#...#8.........8#..........
# #)#.#.#...........#...##.####
#####.#.#.#8.........8#...##.# ##
........#.##.........##...##.# #.
#....(#.#.#####8@8#####.####.###.
#.###(#.#.#############.####.....
#'###(#.#....................##..
....#(#.#....###.###.##..######.#
....#.#.##>......##..#...# ####.#
....##.......###.........# #.....
....##..####.# #.##..##..###.#...
....##.......# #.##..##......#..#
....##.......# #.........###.#..#


There were no monsters in sight!

Vanquished Creatures
  Cerebov (Pan)
  Asmodeus (Geh:7)
  the Royal Jelly (Slime:5)
  Dissolution (Slime:4)
  Ereshkigal (Tar:7)
  Ignacio (Pan)
  Mnoleg (Pan)
  Lom Lobon (Pan)
  the Serpent of Hell (Hell)
  Dispater (Dis:7)
  Khufu (Tomb:1)
  3 orbs of fire
  10 ancient liches
  22 pandemonium lords
  35 greater mummies
  Boris (twice) (Vaults:2 Depths:3)
  Sojobo (Vaults:3)
  Frederick (Vaults:3)
  16 shard shrikes
  the Lernaean hydra (Swamp:4)
  Saint Roka (Orc:2)
  A Killer Klown (Zot:5)
  Xtahua (Vaults:3)
  2 curse toes
  Geryon (Hell)
  A profane servitor (Zot:3)
  the Enchantress (Depths:1)
  8 golden dragons
  An iron giant (Dis:7)
  6 bone dragons
  Jorgrun (Depths:2)
  3 doom hounds
  A shard shrike zombie (Crypt:3)
  18 Tzitzimimeh
  37 Brimstone Fiends
  2 electric golems
  14 tentacled monstrosities
  33 Ice Fiends
  A hellephant (Hell)
  Rupert (Orc:2)
  19 Hell Sentinels
  7 quicksilver dragons
  12 acid blobs
  25 Orb Guardians
  The ghost of Ijustatesigmund the Swashbuckler, an adept HaAM of Okawaru (Elf:3)
  36 Executioners
  3 deep elf blademasters
  15 liches
  7 titans
  4 tentacled starspawn (Abyss:3)
  2 death cobs
  11 sphinxes
  19 ancient champions
  Donald (Vaults:4)
  2 thorn hunters
  8 tengu reavers
  The ghost of Kenran the Devastator, an adept DEFE of Vehumet (Vaults:2)
  19 storm dragons
  16 shadow dragons
  14 azure jellies
  2 revenants
  4 draconian monks
  Kirke (Swamp:2)
  13 nagarajas
  12 frost giants
  10 fire giants
  3 imperial myrmidons (Desolation)
  6 deep elf sorcerers
  5 draconian scorchers
  4 draconian knights
  49 balrugs
  16 black suns (Pan)
  The ghost of murphy the Fighter, a journeyman DDNe of Makhleb (D:15)
  5 ghost moths
  An orc warlord (Orc:2)
  A juggernaut zombie (Depths:3)
  A caustic shrike zombie (Depths:3)
  13 vault wardens
  39 cacodemons
  3 draconian shifters
  9 iron dragons
  4 curse skulls
  10 warmongers (Pan)
  8 ghouls
  4 deep elf elementalists (Elf:3)
  4 spriggan defenders
  14 draconian annihilators
  56 reapers
  7 draconian stormcallers
  4 war gargoyles
  23 blood saints
  4 elemental wellsprings (Coc:7)
  16 ironheart preservers
  2 caustic shrike skeletons
  19 very ugly things
  13 corrupters (Pan)
  22 stone giants
  Nessos (D:13)
  8 vampire knights
  A juggernaut skeleton (Depths:4)
  14 bennus
  6 deep elf demonologists
  2 halazid warlocks (Desolation)
  8 white draconians
  An entropy weaver (Vaults:5)
  16 black draconians
  29 lorocyprocas
  8 yellow draconians
  16 green draconians
  8 spark wasps
  27 red draconians
  8 deep elf annihilators
  9 purple draconians
  34 blizzard demons
  6 eidola
  8 death oozes
  21 green deaths
  15 deep elf death magi
  6 quicksilver dragon zombies
  A minotaur (shapeshifter) (Vaults:5)
  A merfolk impaler (Depths:4)
  A crystal guardian (Desolation)
  18 fire dragons
  14 ettins
  3 ragged hierophants (Desolation)
  19 mummy priests
  84 large abominations
  9 jiangshi
  6 rakshasas
  17 yaktaur captains
  17 hydras
  27 vault guards
  17 great orbs of eyes
  7 deep elf high priests
  6 spriggan air magi
  14 monstrous demonspawn (Pan)
  5 quicksilver dragon skeletons
  4 servants of whispers (Desolation)
  Erica (D:10)
  15 naga warriors
  34 ice dragons
  9 peacekeepers
  6 hell beasts
  2 catoblepae
  10 centaur warriors
  4 death knights
  12 anacondas
  29 two-headed ogres
  3 death yaks (Lair:5)
  9 alligators
  A death yak (shapeshifter) (Vaults:5)
  22 hell hogs
  7 deep troll shamans
  9 ogre magi
  7 thrashing horrors
  24 dancing weapons
  6 tengu warriors
  12 deep troll earth magi
  3 vampire magi
  10 death scarabs
  15 naga sharpshooters
  7 spriggan berserkers
  5 storm dragon zombies
  3 iron golems
  7 shock serpents
  9 titan zombies
  32 deep elf knights
  Nergalle (Lair:4)
  2 fire crabs (shapeshifter)
  An orc high priest (Orc:2)
  88 sun demons
  2 salamander mystics (Snake:4)
  44 soul eaters
  4 wretched stars
  7 iron trolls (Dis:7)
  7 titan skeletons
  3 death drakes (Tar:7)
  100 skeletal warriors
  2 spatial maelstroms
  A storm dragon skeleton (Geh:5)
  14 torturous demonspawn (Pan)
  8 shadow wraiths
  A deep troll (shapeshifter) (Depths:5)
  53 sixfirhies
  A swamp dragon (shapeshifter) (Vaults:3)
  2 ghost moth zombies
  57 hell knights
  An iron giant zombie (Crypt:3)
  5 unseen horrors
  8 glowing orange brains
  A spark wasp zombie (Depths:3)
  24 deep trolls
  12 anaconda zombies
  4 spriggan druids
  6 wizards
  13 gelid demonspawn (Pan)
  11 flayed ghosts
  Pikel (D:6)
  14 deep elf archers
  3 golden dragon zombies
  6 anaconda skeletons
  18 shadow demons
  11 swamp dragons
  2 shadow dragon zombies
  19 infernal demonspawn (Pan)
  A lindwurm (Lair:6)
  9 naga ritualists
  14 necromancers
  14 orc knights
  3 harpies (Vaults:2)
  16 ironbrand convokers
  A golden dragon skeleton (Depths:3)
  3 human zombies
  3 iron dragon zombies
  7 wolf spider zombies
  A wolf spider (Vaults:5)
  18 phantasmal warriors
  An iron giant skeleton (Crypt:1)
  3 shadow dragon skeletons
  6 orc sorcerers
  8 salamanders
  64 deep elf magi
  5 stone giant zombies
  44 ugly things
  7 fire giant zombies
  6 frost giant zombies
  6 moths of wrath
  A dire elephant zombie (Coc:2)
  7 shining eyes
  A moth of wrath (shapeshifter) (Depths:2)
  A manticore (shapeshifter) (Vaults:5)
  An elephant (shapeshifter) (Vaults:4)
  6 mana vipers
  3 oklob plants (Lair:5)
  A worldbinder (Abyss:3)
  7 cyclopes
  The ghost of MirrMurr the Basher, a novice GrBe of Trog (D:6)
  2 shock serpent zombies
  5 manticores
  16 naga magi
  9 guardian serpents
  5 iron dragon skeletons
  8 frost giant skeletons
  2 elf zombies
  2 apocalypse crabs (Abyss:2)
  An ice statue (Coc:7)
  19 vault sentinels
  7 stone giant skeletons
  27 rust devils
  15 fire giant skeletons
  3 spriggan zombies
  3 eyes of devastation
  35 black mambas
  3 storm dragon simulacra
  10 spiny frogs
  50 orange demons
  A gargoyle (D:9)
  A shock serpent skeleton (Tar:6)
  12 molten gargoyles
  84 smoke demons
  39 hellions
  2 yaktaur zombies
  4 dire elephant skeletons
  A death yak zombie (Crypt:1)
  47 hellwings
  3 rime drakes
  44 freezing wraiths
  2 kobold demonologists
  29 tormentors
  11 komodo dragons
  34 yaktaurs
  37 ice devils
  A komodo dragon (shapeshifter) (Depths:1)
  A redback zombie (Crypt:1)
  9 efreet
  An ancient zyme (Abyss:3)
  A catoblepas skeleton (Pan)
  2 silent spectres
  56 guardian mummies
  A white draconian skeleton (Crypt:2)
  A yellow draconian skeleton (Crypt:1)
  24 demonic crawlers
  4 tengu conjurers
  A jumping spider (Vaults:5)
  7 trolls
  67 red devils
  A queen bee (shapeshifter) (Vaults:1)
  An anaconda simulacrum (Hell)
  A harpy zombie (Coc:6)
  A shadow dragon simulacrum (Vaults:3)
  A green draconian skeleton (Crypt:2)
  3 meliai (D:13)
  A troll (shapeshifter) (Vaults:4)
  2 spectral guardian serpents (Crypt:2)
  A tyrant leech (shapeshifter) (Vaults:5)
  5 polar bears
  2 meliai (shapeshifter)
  12 hydra skeletons
  2 wolf spider simulacra (D:15)
  31 saltlings
  4 tyrant leeches
  105 slime creatures
  17 hydra zombies
  A sphinx simulacrum (Vaults:1)
  2 harpy skeletons
  10 hornets
  2 hornets (shapeshifter)
  A minotaur skeleton (Geh:1)
  9 blink frogs
  A tengu simulacrum (Depths:3)
  7 ettin zombies
  2 meliai zombies (Crypt:1)
  3 alligator zombies
  A blink frog (shapeshifter) (Depths:2)
  5 fire dragon zombies
  4 hippogriffs
  26 bog bodies
  7 raiju
  A hippogriff (shapeshifter) (Elf:1)
  7 starcursed masses (Abyss:2)
  A stone giant simulacrum (Coc:7)
  71 ynoxinuls (Pan)
  3 black mamba zombies
  A frost giant simulacrum (Coc:7)
  3 ice dragon skeletons
  A centaur simulacrum (D:15)
  8 water elementals
  An ice dragon zombie (Coc:7)
  4 alligator skeletons
  3 fire dragon skeletons
  88 flying skulls
  A guardian serpent skeleton (Crypt:1)
  22 shadows
  2 air elementals
  2 elf skeletons (Depths:3)
  A tarantella (shapeshifter) (Vaults:4)
  A wyvern (shapeshifter) (Elf:3)
  2 black mamba skeletons (Pan)
  3 vampires
  29 spriggans
  22 wraiths
  37 yaks
  40 fire elementals
  9 ettin skeletons
  2 fire bats (Abyss:2)
  7 wyverns
  A basilisk (shapeshifter) (Depths:1)
  19 golden eyes
  2 humans (shapeshifter)
  40 neqoxecs
  An emperor scorpion simulacrum (Coc:7)
  4 basilisks
  2 golden eyes (shapeshifter)
  19 ushabtiu
  28 vampire mosquitoes
  46 chaos spawn
  9 wargs
  A deep troll zombie (Crypt:1)
  2 soldier ants (shapeshifter) (Vaults:1)
  Menkaure (Ossuary)
  5 hungry ghosts
  2 steam dragons (Lair:6)
  9 insubstantial wisps
  4 spatial vortices
  12 swamp worms
  An acid dragon (D:14)
  12 porcupines
  2 hydra simulacra
  57 nagas
  12 water moccasins
  A floating eye (shapeshifter) (Depths:2)
  2 floating eyes
  9 spiny frog zombies
  Duvessa (D:5)
  74 hell hounds
  45 orc warriors
  7 sky beasts
  An ice beast (shapeshifter) (Depths:1)
  2 snapping turtle zombies
  15 swamp drakes
  2 alligator simulacra
  A hornet zombie (Crypt:1)
  17 ice beasts
  9 phantoms
  2 eyes of draining
  24 ogres
  6 black bears
  27 necrophages
  22 small abominations
  4 boggarts (Vaults:3)
  6 spiny frog skeletons
  4 human skeletons
  6 swamp dragon zombies
  A tengu (shapeshifter) (D:14)
  2 snapping turtle skeletons
  21 wolves
  14 centaurs
  18 crocodiles
  A swamp dragon skeleton (Dis:1)
  A manticore skeleton (Hell)
  A big kobold (D:9)
  15 bullfrogs
  5 wyvern zombies
  Dowan (D:5)
  An ogre simulacrum (Vaults:1)
  A spiny frog simulacrum (Coc:2)
  A scorpion (D:7)
  A troll zombie (Tar:7)
  12 killer bees
  A polar bear zombie (Crypt:2)
  A tengu zombie (Hell)
  49 wights
  A warg skeleton (Crypt:1)
  A yak skeleton (Crypt:1)
  2 howler monkeys
  An electric eel (Lair:1)
  11 crimson imps
  3 lava snakes (Lair:6)
  3 bullfrog zombies
  8 hounds
  11 centaur zombies
  A quasit (D:12)
  A basilisk zombie (Crypt:2)
  17 centaur skeletons
  A human simulacrum (Vaults:1)
  2 bullfrog skeletons
  23 orc priests
  8 iron imps
  Crazy Yiuf (D:5)
  12 iguanas
  2 jellies
  A black bear skeleton (Crypt:1)
  6 hell rats (Depths:1)
  28 orc wizards
  6 worker ants
  A big kobold zombie (Crypt:3)
  A naga zombie (Coc:7)
  An ogre zombie (Geh:7)
  An ogre skeleton (Coc:7)
  A naga skeleton (Dis:7)
  A tengu skeleton (Geh:7)
  A deep dwarf skeleton (Crypt:2)
  A hound skeleton (D:4)
  40 mummies
  A howler monkey skeleton (D:5)
  20 adders
  9 shadow imps
  16 white imps
  An ufetubus (Abyss:2)
  3 oozes
  2 adder zombies
  An adder skeleton (D:5)
  A worm (shapeshifter) (Elf:3)
  3 worms
  2 ball lightnings (Pan)
  A barachian zombie (Crypt:3)
  5 leopard geckos
  122 orcs
  4 ball pythons
  9 giant cockroaches
  2 gnoll zombies (Ossuary)
  5 goblins
  5 hobgoblins
  20 jackals
  7 kobolds
  6 quokkas
  9 bats
  7 frilled lizards
  A giant cockroach zombie (Crypt:3)
  4 gnoll skeletons (Ossuary)
  A goblin skeleton (Ossuary)
  6 goblin zombies
  4 hobgoblin skeletons (Ossuary)
  3 hobgoblin zombies (Ossuary)
  A jackal skeleton (D:3)
  A kobold skeleton (Ossuary)
  2 kobold zombies
  A leopard gecko zombie (D:9)
  An orc skeleton (Ossuary)
  6 orc zombies (Ossuary)
  2 quokka skeletons
  A quokka zombie (D:7)
  12 rats
  5 rat skeletons (Ossuary)
  4 rat zombies
  A crawling corpse (Vaults:3)
  A fire vortex (Pan)
  3 fungi
5163 creatures vanquished.

Vanquished Creatures (collateral kills)
  Gloorx Vloq (Pan)
  A cacodemon (Pan)
  2 flying skulls (Tar:7)
4 creatures vanquished.

Vanquished Creatures (others)
  2 pandemonium lords (Pan)
  A profane servitor (Pan)
  2 deep elf master archers (Elf:3)
  8 eldritch tentacles
  An ancient champion (Tomb:2)
  A draconian scorcher (Zot:3)
  A fire giant (Depths:5)
  A stone giant (Vaults:3)
  2 blood saints (Pan)
  2 bennus (Tomb:2)
  A white draconian (Depths:5)
  A merfolk javelineer (Depths:4)
  A mummy priest (Tomb:2)
  4 yaktaur captains
  A quicksilver dragon skeleton (Tomb:2)
  A centaur warrior (Vaults:3)
  2 sun demons (Pan)
  A skeletal warrior (Tomb:2)
  A sixfirhy (Pan)
  2 deep elf archers
  A deep elf mage (Elf:3)
  6 moths of wrath
  A cyclops (Vaults:2)
  A hellion (Pan)
  13 yaktaurs
  5 tormentors
  A hornet (Swamp:4)
  A saltling (Desolation)
  A flying skull (Tar:7)
  2 wraiths
  A ynoxinul (Pan)
  4 humans (Swamp:3)
  A small abomination (Abyss:3)
  A neqoxec (Pan)
  2 hell hounds
  A naga (Snake:4)
  A spiny frog skeleton (Geh:1)
  An ogre (Vaults:3)
  2 centaurs (Vaults:2)
  A scorpion (D:12)
  A quasit (D:3)
  A human skeleton (Geh:7)
  45 ball lightnings (Pan)
  2 gnoll skeletons (Ossuary)
  A goblin skeleton (Ossuary)
  A hobgoblin skeleton (Ossuary)
  A hobgoblin zombie (Ossuary)
  3 kobold skeletons (Ossuary)
  3 kobold zombies (Ossuary)
  An orc skeleton (Ossuary)
  An orc zombie (Ossuary)
  A rat skeleton (Ossuary)
  5 briar patches
  A bush (Swamp:4)
  15 fungi
  154 plants
  8 starspawn tentacles (Abyss:3)
327 creatures vanquished.

Grand Total: 5494 creatures vanquished

Notes
Turn   | Place    | Note
-------+----------+-------------------------------------------
     0 | D:1      | nono the Ghoul Fighter began the quest for the Orb.
     0 | D:1      | Reached XP level 1. HP: 19/19 MP: 0/0
    40 | D:1      | Reached XP level 2. HP: 14/26 MP: 1/1
   443 | D:1      | Reached XP level 3. HP: 28/31 MP: 2/2
  1023 | D:2      | Reached XP level 4. HP: 21/40 MP: 3/3
  1486 | D:2      | Found a hazy altar of Hepliaklqana.
  1593 | D:3      | Reached XP level 5. HP: 43/46 MP: 4/4
  1913 | D:3      | Reached skill level 5 in Fighting
  2043 | D:3      | Found a glowing golden altar of the Shining One.
  2051 | D:3      | Found a white marble altar of Elyvilon.
  2052 | D:3      | Found a shattered altar of Ashenzari.
  2052 | D:3      | Found a bloodstained altar of Trog.
  2058 | D:3      | Found a basalt altar of Yredelemnul.
  2060 | D:3      | Found an opulent altar of Gozag.
  2062 | D:3      | Found a sacrificial altar of Ru.
  2066 | D:3      | Became a worshipper of Ashenzari the Shackled
  2264 | D:3      | Reached XP level 6. HP: 54/56 MP: 5/5
  2369 | D:4      | Found an iron altar of Okawaru.
  2408 | D:4      | Found a burning altar of Makhleb.
  2597 | D:4      | Found a blossoming altar of Fedhas.
  2597 | D:4      | Found an ancient bone altar of Kikubaaqudgha.
  2659 | D:4      | Noticed a phantom
  2707 | D:4      | Killed a phantom
  2725 | D:4      | Reached XP level 7. HP: 35/63 MP: 6/6
  2985 | D:4      | Got the flail of Bic Due {freeze, rF+ Dex+2 SInv}
  2986 | D:4      | Identified the +8 flail of Bic Due {freeze, rF+ Dex+2 SInv} (You found it on level 4 of the Dungeon)
  3377 | D:5      | Entered Level 5 of the Dungeon
  3509 | D:5      | Found a sand-covered staircase.
  3520 | Ossuary  | Entered an ossuary
  3770 | Ossuary  | Reached skill level 5 in Maces & Flails
  3778 | Ossuary  | Noticed Menkaure
  3783 | Ossuary  | Killed Menkaure
  4061 | D:5      | Noticed Duvessa
  4062 | D:5      | Noticed Dowan
  4069 | D:5      | Killed Duvessa
  4079 | D:5      | Killed Dowan
  4087 | D:5      | Found a stormy altar of Qazlal.
  4122 | D:5      | Reached XP level 8. HP: 73/73 MP: 7/7
  4126 | D:5      | Found a shadowy altar of Dithmenos.
  4294 | D:5      | Found a runed door.
  4298 | D:5      | Noticed Crazy Yiuf
  4304 | D:5      | Killed Crazy Yiuf
  4619 | D:5      | Reached * piety under Ashenzari
  4728 | D:6      | Found a staircase to the Ecumenical Temple.
  5050 | D:6      | Reached XP level 9. HP: 72/82 MP: 8/8
  5080 | D:6      | Noticed MirrMurr's ghost (novice GrBe)
  5095 | D:6      | Killed MirrMurr's ghost
  5095 | D:6      | Reached skill level 5 in Shields
  5136 | D:6      | Noticed Pikel
  5146 | D:6      | Killed Pikel
  5741 | D:7      | Reached XP level 10. HP: 87/93 MP: 9/9
  5950 | D:7      | Reached skill level 10 in Fighting
  5961 | D:7      | Reached ** piety under Ashenzari
  6524 | D:8      | Found a staircase to the Lair.
  6692 | D:8      | Found Kopruz's General Store.
  6697 | D:8      | Bought a +0 helmet for 54 gold pieces
  6715 | D:8      | Noticed a moth of wrath
  6721 | D:8      | Found a bloodstained altar of Trog.
  6838 | D:8      | Found a hide-covered altar of Uskayaw.
  6984 | D:8      | Identified the +8 mace "Egriyru" {flame, *Noise Fragile rElec rPois}
  7200 | D:9      | Noticed a gargoyle
  7213 | D:9      | Killed a gargoyle
  7235 | D:9      | Reached XP level 11. HP: 91/102 MP: 10/10
  7699 | D:10     | Entered Level 10 of the Dungeon
  7740 | D:10     | Noticed Erica
  7756 | D:10     | Killed Erica
  8173 | D:10     | Reached *** piety under Ashenzari
  8924 | D:11     | Noticed a brown ugly thing
  8938 | D:11     | Reached skill level 5 in Armour
  8954 | D:11     | Killed a brown ugly thing
  9001 | D:11     | Reached skill level 10 in Maces & Flails
  9098 | D:11     | Noticed a green ugly thing
  9230 | Lair:1   | Entered Level 1 of the Lair of Beasts
  9374 | Lair:1   | Reached **** piety under Ashenzari
  9411 | Lair:1   | Found a sacrificial altar of Ru.
 10134 | Lair:2   | Reached XP level 12. HP: 92/112 MP: 11/11
 10339 | Lair:2   | Reached ***** piety under Ashenzari
 11072 | Lair:3   | Found a staircase to the Snake Pit.
 11357 | Lair:4   | Found a staircase to the Swamp.
 11358 | Lair:4   | Noticed a seven-headed hydra
 11376 | Lair:3   | Killed a seven-headed hydra
 11414 | Lair:4   | Identified the +3 dagger of Overwhelming Force {pierce, Int+2}
 11795 | Lair:4   | Noticed Nergalle
 11814 | Lair:4   | Killed Nergalle
 11814 | Lair:4   | Reached skill level 10 in Shields
 11971 | Lair:5   | Noticed an eight-headed hydra
 11978 | Lair:5   | Reached XP level 13. HP: 119/119 MP: 12/12
 12703 | Lair:6   | Entered Level 6 of the Lair of Beasts
 12845 | Lair:6   | Identified the cursed +0 rapier of the Spheres {flame, SInv}
 13170 | Lair:6   | Reached skill level 10 in Armour
 13279 | Lair:6   | Noticed a fire dragon
 13324 | Lair:6   | Found a large runed door.
 13324 | Lair:6   | Found a large runed door.
 13384 | Lair:6   | Killed a fire dragon
 14097 | D:11     | Reached XP level 14. HP: 101/129 MP: 13/13
 14616 | D:12     | Found a staircase to the Orcish Mines.
 14926 | D:13     | Noticed a ghoul
 14990 | D:13     | Killed a ghoul
 15030 | D:13     | Noticed Nessos
 15077 | D:13     | Killed Nessos
 16455 | D:14     | Found a gate to the Vaults.
 16507 | D:15     | Entered Level 15 of the Dungeon
 16556 | D:15     | Reached XP level 15. HP: 138/139 MP: 14/14
 16573 | D:15     | Found Mova's Armour Emporium.
 16658 | D:15     | Found a bloodstained altar of Trog.
 16692 | D:15     | Reached skill level 1 in Dodging
 16830 | D:15     | Found Ycvoymoi's Book Shop.
 16977 | D:15     | Reached skill level 5 in Dodging
 17253 | D:15     | Found Gysme's Antique Weapon Shoppe.
 17368 | D:15     | Found a staircase to the Depths.
 17387 | D:15     | Noticed murphy's ghost (journeyman DDNe)
 17439 | D:15     | Killed murphy's ghost
 17738 | Orc:1    | Entered Level 1 of the Orcish Mines
 17876 | Orc:1    | Reached ****** piety under Ashenzari
 18220 | Orc:2    | Entered Level 2 of the Orcish Mines
 18309 | Orc:2    | Found Ykan Logg's Antique Armour Shoppe.
 18321 | Orc:2    | Bought a slimy plate armour for 924 gold pieces
 18337 | Orc:2    | Identified the +5 plate armour of Tomorrow {rF+ Int+4 Slay+2} (You bought it in a shop on level 2 of the Orcish Mines)
 18412 | Orc:2    | Found a staircase to the Elven Halls.
 18595 | Orc:2    | Noticed Rupert
 18612 | Orc:2    | Killed Rupert
 18685 | Orc:2    | Found a roughly hewn altar of Beogh.
 18743 | Orc:2    | Found a roughly hewn altar of Beogh.
 18743 | Orc:2    | Found Bine's Antique Weapon Emporium.
 18743 | Orc:2    | Found Atuuw's Antique Armour Shoppe.
 18743 | Orc:2    | Noticed an orc warlord
 18745 | Orc:2    | Noticed Saint Roka
 18799 | Orc:2    | Killed Saint Roka
 18799 | Orc:2    | Reached skill level 15 in Fighting
 18927 | Orc:2    | Found a roughly hewn altar of Beogh.
 18936 | Orc:2    | Found Retij's Assorted Antiques.
 19000 | Orc:2    | Found a roughly hewn altar of Beogh.
 19039 | Orc:2    | Found Zolityug's Antique Armour Shop.
 19099 | Orc:2    | Found a roughly hewn altar of Beogh.
 19427 | Orc:2    | Killed an orc warlord
 19427 | Orc:2    | Reached XP level 16. HP: 129/149 MP: 15/15
 19556 | Orc:2    | Bought a runed cloak for 285 gold pieces
 19994 | Snake:1  | Entered Level 1 of the Snake Pit
 20664 | Snake:2  | Noticed a nagaraja
 20687 | Snake:2  | Killed a nagaraja
 20923 | Snake:2  | Noticed a nagaraja
 21373 | Snake:2  | Killed a nagaraja
 22539 | Snake:3  | Noticed a nagaraja
 22551 | Snake:3  | Killed a nagaraja
 22585 | Snake:4  | Entered Level 4 of the Snake Pit
 23196 | Snake:4  | Reached XP level 17. HP: 157/158 MP: 16/16
 23555 | Snake:4  | Found Zokigrio's Gadget Boutique.
 23555 | Snake:4  | Found Hyagh's Antique Armour Shop.
 24345 | Snake:4  | Got a serpentine rune of Zot
 24735 | Snake:4  | Reached XP level 18. HP: 169/169 MP: 17/17
 25074 | Swamp:1  | Entered Level 1 of the Swamp
 25127 | Swamp:1  | Identified the +8 dire flail of the Fray {crush, MP+9 Int+3}
 26168 | Swamp:3  | Identified the +3 lajatang of Moral Flaws {slice, Stlth+}
 26304 | Swamp:3  | Noticed Kirke
 26306 | Swamp:3  | Noticed Mara
 26338 | Swamp:2  | Killed Kirke
 26826 | Swamp:3  | Noticed nono's illusion
 26838 | Swamp:2  | Noticed nono's illusion
 27042 | Swamp:4  | Entered Level 4 of the Swamp
 27485 | Swamp:4  | Reached skill level 15 in Maces & Flails
 27884 | Swamp:4  | Noticed the 27-headed Lernaean hydra
 27898 | Swamp:4  | Killed the 27-headed Lernaean hydra
 27957 | Swamp:4  | Got a decaying rune of Zot
 28011 | Swamp:4  | Identified the +7 fustibalus of Patience {venom, rC+ Str+6}
 28608 | Swamp:2  | Noticed nono's illusion
 29456 | Elf:1    | Entered Level 1 of the Elven Halls
 29557 | Elf:1    | Reached XP level 19. HP: 158/175 MP: 18/18
 29716 | Elf:1    | Reached skill level 15 in Shields
 29763 | Elf:1    | Found a ruined gateway.
 29800 | Desolati | Entered the Desolation of Salt
 29879 | Desolati | Identified the cursed +0 helmet "Kaetiwup" {Str+4 Int-3}
 29894 | Desolati | Identified Efotyry's Incunabulum of Dislocated Changing
 29896 | Desolati | Identified the Disquisition on Conjuration
 30474 | Desolati | Identified the cursed +0 mace of Baegom {freeze, +Rage rN+}
 30483 | Desolati | Identified the cursed +0 plate armour "Beynn" {rElec}
 30486 | Desolati | Identified the Almanac of Boosts and Combat Magic
 30525 | Desolati | Identified the Reference Book on Conjuration and Displacement
 31042 | Elf:1    | Found Moruc's Jewellery Emporium.
 31050 | Elf:1    | Bought the ring "Raiduk" {rF+ MP+9 Str+2} for 881 gold pieces
 31081 | Elf:1    | Reached skill level 15 in Armour
 31915 | Elf:2    | Noticed Roxanne
 32057 | Elf:2    | Found a huge runed gate.
 32058 | Elf:2    | Found a huge runed gate.
 32070 | Elf:2    | Found a huge runed gate.
 32310 | Elf:2    | Reached XP level 20. HP: 188/188 MP: 19/19
 32775 | Elf:1    | Bought a +4 amulet of reflection for 432 gold pieces
 33039 | Elf:3    | Entered Level 3 of the Elven Halls
 33124 | Elf:3    | Found a deep blue altar of Sif Muna.
 33203 | Elf:3    | Found a radiant altar of Vehumet.
 33514 | Elf:3    | Noticed Ijustatesigmund's ghost (adept HaAM)
 33542 | Elf:3    | Killed Ijustatesigmund's ghost
 33918 | Elf:3    | Noticed a Tzitzimitl
 34128 | Elf:3    | Identified the ring "Ferykaha" {rPois rF++ rC+ Int-4 SInv} (You took it off a deep elf blademaster on level 3 of the Elven Halls)
 34128 | Elf:3    | Identified the +5 storm dragon scales of Untruth {*Slow +Blink rElec rC+ Str+3} (You took it off a deep elf blademaster on level 3 of the Elven Halls)
 34213 | Elf:3    | Identified the +10 trident of Miot {drain, rElec Int+3 Dex+2} (You took it off a deep elf high priest on level 3 of the Elven Halls)
 34214 | Elf:3    | Noticed a Tzitzimitl
 35416 | Vaults:1 | Entered Level 1 of the Vaults
 35671 | Vaults:1 | Found a portal to a secret trove of treasure.
 35880 | D:15     | Bought the Grimoire of Flames for 1120 gold pieces
 36059 | Vaults:1 | You paid a toll of the Grimoire of Flames to enter a treasure trove
 36060 | Trove    | Entered a treasure trove
 36063 | Trove    | Identified the +0 fire dragon scales "Igras" {rPois rF++ rC- MR+++ Dex-4 Slay+3}
 36063 | Trove    | Identified the cursed -6 pair of gloves of Puwnocar {Int+5}
 36063 | Trove    | Identified the +8 plate armour "Liskin" {rF++ Str-2 Int+6}
 36070 | Trove    | Identified the +0 ring mail of Gallantry {Str+4 Int+4 SInv}
 36074 | Trove    | Identified the cursed +10 plate armour of the Several People {rC+ Int+7}
 36164 | Trove    | Lost intelligence.
 36657 | Vaults:1 | Reached XP level 21. HP: 188/200 MP: 17/20
 37586 | Vaults:2 | Noticed Kenran's ghost (adept DEFE)
 37622 | Vaults:2 | Killed Kenran's ghost
 37636 | Vaults:2 | Found Reremucw's Gadget Boutique.
 38645 | Vaults:2 | Noticed Boris
 38656 | Vaults:2 | Killed Boris
 39113 | Vaults:3 | Identified the cursed +1 robe of Dice, Bag, and Bottle {*Corrode rC+ Dex+4 SInv}
 39762 | Vaults:3 | Reached XP level 22. HP: 196/211 MP: 17/21
 39777 | Vaults:3 | Noticed Frederick
 39800 | Vaults:3 | Killed Frederick
 40059 | Vaults:3 | Noticed Xtahua
 40107 | Vaults:3 | Killed Xtahua
 40309 | Vaults:3 | Identified the +7 chain mail "Vagoguotac" {-Tele rPois Stlth+}
 40529 | Vaults:3 | Found a staircase to the Crypt.
 40529 | Vaults:3 | Found a basalt altar of Yredelemnul.
 40529 | Vaults:3 | Found an ancient bone altar of Kikubaaqudgha.
 40536 | Crypt:1  | Entered Level 1 of the Crypt
 40718 | Crypt:1  | Noticed Sojobo
 40896 | Vaults:3 | Killed Sojobo
 42331 | Crypt:3  | Entered Level 3 of the Crypt
 42332 | Crypt:3  | Noticed Mennas
 42427 | Crypt:2  | Reached XP level 23. HP: 222/222 MP: 22/22
 42553 | Crypt:3  | Noticed an ancient lich
 42556 | Crypt:3  | Noticed a curse toe
 42587 | Crypt:3  | Found a staircase to the Tomb.
 42759 | Crypt:3  | Killed a curse toe
 42821 | Crypt:3  | Identified the ring of Ujaufeat {rN+ MR+ MP+9 Int+6 Dex-2} (You took it off an ancient champion on level 3 of the Crypt)
 43166 | Crypt:3  | Noticed an ancient lich
 43166 | Crypt:3  | Noticed an ancient lich
 43167 | Crypt:3  | Identified the ring of Ecamm {rN+ Str+3}
 43189 | Crypt:3  | Killed an ancient lich
 43198 | Crypt:3  | Killed an ancient lich
 43228 | Crypt:3  | Killed an ancient lich
 43238 | Crypt:3  | Identified the Compendium of Dark Rites and the Rocks
 43742 | Vaults:4 | Found a gateway to a bazaar.
 43765 | Bazaar   | Entered a bazaar
 43771 | Bazaar   | Found Bonwizxe's Book Shop.
 43771 | Bazaar   | Found Rofaozul's Jewellery Boutique.
 43772 | Bazaar   | Identified the Tome of Glory
 44204 | Vaults:4 | Noticed Donald
 44228 | Vaults:4 | Killed Donald
 44482 | Vaults:4 | Found Syolojig's Weapon Shop.
 44989 | Depths:1 | Entered Level 1 of the Depths
 45016 | Depths:1 | Found a gateway to Hell.
 45028 | Depths:1 | Found Cydios's Jewellery Emporium.
 45028 | Depths:1 | Found Miurydoc's Gadget Boutique.
 45029 | Depths:1 | Found Plog's Jewellery Emporium.
 45047 | Depths:1 | Bought the amulet "Herok" {Gourm rElec Str+3 Int+3} for 962 gold pieces
 45341 | Depths:1 | Reached XP level 24. HP: 233/233 MP: 22/22
 45466 | Depths:1 | Identified the cursed -5 robe of Misfortune {-Cast *Contam *Tele *Drain EV-5 Stlth-- *Curse} (You took it off a yaktaur captain on level 1 of the Depths)
 45905 | Depths:1 | Noticed the Enchantress
 45926 | Depths:1 | Killed the Enchantress
 45926 | Depths:1 | Identified the +1 faerie dragon scales {MR+ rCorr} (You took it off the Enchantress on level 1 of the Depths)
 46789 | Depths:2 | Identified the amulet of Uniom {RegenMP rN+}
 47201 | Depths:2 | Found a gateway to a ziggurat.
 48134 | Depths:2 | Reached XP level 25. HP: 196/243 MP: 22/22
 48301 | Depths:2 | Noticed Jorgrun
 48307 | Depths:2 | Killed Jorgrun
 48575 | Depths:3 | Found a one-way gate leading to the halls of Pandemonium.
 48675 | Depths:3 | Noticed Boris
 48788 | Depths:3 | Killed Boris
 50349 | Depths:4 | Found a one-way gate to the infinite horrors of the Abyss.
 50622 | Depths:4 | Reached skill level 10 in Dodging
 51104 | Depths:5 | Entered Level 5 of the Depths
 51396 | Depths:5 | Reached XP level 26. HP: 242/254 MP: 22/22
 51417 | Depths:5 | Reached skill level 1 in Evocations
 51892 | Depths:5 | Reached skill level 5 in Evocations
 51922 | Depths:5 | Found a runed door.
 51922 | Depths:5 | Found a runed door.
 51941 | Depths:5 | Found a runed door.
 51941 | Depths:5 | Found a runed door.
 52015 | Depths:5 | Found a gate to the Realm of Zot.
 52166 | Depths:5 | Found a runed door.
 52174 | Depths:5 | Found a runed door.
 52420 | Depths:5 | Upgraded the game from 0.20-a0-633-gff4aa5c to 0.20-a0-640-g62ed22f
 52724 | Vaults:5 | Entered Level 5 of the Vaults
 53248 | Vaults:5 | Reached XP level 27. HP: 262/267 MP: 28/28
 53292 | Vaults:5 | Identified the +6 chain mail "Raagots" {*Slow rF+ Str+4} (You took it off a vault warden on level 5 of the Vaults)
 53387 | Vaults:5 | Identified the ring of Catos {+Fly rElec rF++} (You took it off a yaktaur captain on level 5 of the Vaults)
 53421 | Vaults:5 | Reached skill level 10 in Evocations
 53456 | Vaults:5 | Identified the Collected Works on Flamy Dislocation
 53790 | Vaults:5 | Identified the ring "Buemao" {rC- rN+++ Str-4 Int+8 Stlth+} (You took it off a tengu reaver on level 5 of the Vaults)
 54168 | Vaults:5 | Identified the Almanac of Scorching Transmutation
 54419 | Vaults:5 | Identified the +8 dagger of Power {flame, SInv}
 54419 | Vaults:5 | Identified the +8 dagger of the Ecumenical Temple {chaos, *Rage rElec Str-4 Dex+10}
 54562 | Vaults:5 | Got a silver rune of Zot
 54948 | Hell     | Entered the Vestibule of Hell
 54948 | Hell     | Noticed Geryon
 55165 | Hell     | Killed Geryon
 55496 | Hell     | Found a gateway to the freezing wastes of Cocytus.
 55507 | Coc:1    | Entered Level 1 of Cocytus
 55889 | Coc:7    | Entered Level 7 of Cocytus
 55917 | Coc:7    | Reached skill level 27 in Fighting
 55949 | Coc:7    | Noticed Antaeus
 56983 | Coc:7    | Reached skill level 15 in Evocations
 57671 | Coc:7    | Identified the +8 hunting sling "Uwamiorgh" {velocity, rN+ Int+3 Dex-2 SInv}
 57671 | Coc:7    | Identified the +6 scimitar of Fafes {slice, rN+ Str+3}
 58272 | Coc:7    | Got an icy rune of Zot
 58692 | Depths:4 | Voluntarily entered the Abyss.
 58721 | Abyss:2  | Found a corrupted altar of Lugonu.
 59094 | Abyss:2  | Identified the +8 broad axe "Dadghet" {pain, +Blink rElec rF- SInv}
 59684 | Abyss:3  | Got an abyssal rune of Zot
 59757 | Depths:4 | Escaped the Abyss
 59852 | Pan      | Entered Pandemonium
 59883 | Pan      | Found an exit through the horrors of the Abyss.
 59911 | Pan      | Noticed Vovve the pandemonium lord
 59923 | Pan      | Killed Vovve the pandemonium lord
 60476 | Pan      | Noticed Yqitim the pandemonium lord
 60809 | Pan      | Found an exit through the horrors of the Abyss.
 60925 | Pan      | Noticed Umniwih the pandemonium lord
 60947 | Pan      | Killed Umniwih the pandemonium lord
 61571 | Pan      | Noticed Duerch the pandemonium lord
 61628 | Pan      | Killed Duerch the pandemonium lord
 61821 | Pan      | Found an exit through the horrors of the Abyss.
 62477 | Pan      | Noticed Plog the pandemonium lord
 62529 | Pan      | Killed Plog the pandemonium lord
 62776 | Pan      | Found an exit through the horrors of the Abyss.
 63124 | Pan      | Noticed Jetiteoq the pandemonium lord
 63162 | Pan      | Killed Jetiteoq the pandemonium lord
 63683 | Pan      | Found an exit through the horrors of the Abyss.
 63892 | Pan      | Noticed Taorolo the pandemonium lord
 63935 | Pan      | Killed Taorolo the pandemonium lord
 64085 | Pan      | Found an exit through the horrors of the Abyss.
 64234 | Pan      | Found a runed door.
 64242 | Pan      | Found a runed door.
 64442 | Pan      | Found a runed door.
 64556 | Pan      | Found a runed door.
 64623 | Pan      | Noticed Zozatas the pandemonium lord
 64646 | Pan      | Killed Zozatas the pandemonium lord
 64755 | Pan      | Identified a scroll of acquirement
 65131 | Pan      | Entered the realm of Gloorx Vloq.
 65359 | Pan      | Reached skill level 15 in Dodging
 65753 | Pan      | Noticed Gloorx Vloq
 65786 | Pan      | Killed Gloorx Vloq
 65796 | Pan      | Got a dark rune of Zot
 65912 | Pan      | Found an exit through the horrors of the Abyss.
 66378 | Pan      | Found an exit through the horrors of the Abyss.
 66398 | Pan      | Noticed Giobox the pandemonium lord
 66446 | Pan      | Killed Giobox the pandemonium lord
 66490 | Pan      | Entered the realm of Mnoleg.
 66490 | Pan      | Noticed Mnoleg
 66518 | Pan      | Paralysed by a floating eye for 2 turns
 66528 | Pan      | Lost intelligence.
 67073 | Pan      | Found an exit through the horrors of the Abyss.
 67150 | Pan      | Killed Mnoleg
 67429 | Pan      | Got a glowing rune of Zot
 67662 | Pan      | Found an exit through the horrors of the Abyss.
 68304 | Depths:3 | Escaped Pandemonium
 70020 | Zot:1    | Entered Level 1 of the Realm of Zot
 70182 | Zot:1    | Identified the +4 hand axe of Premature Burial {chop, *Corrode rN+ Int+5} (You took it off a draconian scorcher on level 1 of the Realm of Zot)
 70935 | Pan      | Entered Pandemonium
 71076 | Pan      | Noticed Usahid the pandemonium lord
 71142 | Pan      | Killed Usahid the pandemonium lord
 71518 | Pan      | Entered the realm of Lom Lobon.
 71530 | Pan      | Found an exit through the horrors of the Abyss.
 72538 | Pan      | Noticed Lom Lobon
 72652 | Pan      | Got a magical rune of Zot
 73097 | Pan      | Killed Lom Lobon
 73501 | Pan      | Noticed Bucein the pandemonium lord
 73736 | Pan      | Killed Bucein the pandemonium lord
 73860 | Pan      | Found an exit through the horrors of the Abyss.
 73876 | Pan      | Identified the +3 flail "Lapih" {crush, *Corrode rN+ Dex+3 SInv}
 74275 | Pan      | Identified the +6 lajatang of the Warrior-Mage {slice, Int+7 SInv}
 74287 | Pan      | Found an exit through the horrors of the Abyss.
 74304 | Pan      | Noticed Puohuc the pandemonium lord
 74341 | Pan      | Killed Puohuc the pandemonium lord
 74432 | Pan      | Noticed Kafrenef the pandemonium lord
 74463 | Pan      | Killed Kafrenef the pandemonium lord
 75134 | Pan      | Identified the cursed +3 longbow "Liweadd" {venom, rN+ SInv Stlth+}
 75191 | Pan      | Identified the Incunabulum of Mutagenic Battle Magic
 75202 | Pan      | Noticed Nusm the pandemonium lord
 75239 | Pan      | Killed Nusm the pandemonium lord
 75575 | Pan      | Identified the +10 flail of the Swamp {protect, rPois}
 75582 | Pan      | Found an exit through the horrors of the Abyss.
 75622 | Pan      | Noticed Goan the pandemonium lord
 75671 | Pan      | Killed Goan the pandemonium lord
 76505 | Pan      | Noticed Koes the pandemonium lord
 76564 | Pan      | Found an exit through the horrors of the Abyss.
 76745 | Pan      | Killed Koes the pandemonium lord
 77066 | Pan      | Noticed Romp the pandemonium lord
 77077 | Pan      | Identified the amulet "Qumnighe" {RegenMP Int+6 Dex+6}
 77137 | Pan      | Noticed Joamm the pandemonium lord
 77195 | Pan      | Identified the +2 scale mail "Wosos" {rF+ Str-2 Int+7}
 77392 | Pan      | Found an exit through the horrors of the Abyss.
 77837 | Pan      | Found a huge runed gate.
 77837 | Pan      | Found a huge runed gate.
 77837 | Pan      | Found a huge runed gate.
 77837 | Pan      | Found a huge runed gate.
 77837 | Pan      | Found a huge runed gate.
 77837 | Pan      | Found a huge runed gate.
 77837 | Pan      | Noticed Goxkevvo the pandemonium lord
 77837 | Pan      | Found a huge runed gate.
 77898 | Pan      | Killed Goxkevvo the pandemonium lord
 78108 | Pan      | Entered the realm of Cerebov.
 78117 | Pan      | Found an exit through the horrors of the Abyss.
 78598 | Pan      | Identified the ring of Grontol {*Corrode rElec MR+ Stlth+}
 78606 | Pan      | Identified the +8 chain mail of the Fisher {Int+3}
 78838 | Pan      | Noticed Cerebov
 79296 | Pan      | Identified the +7 arbalest of the Demagogue {elec, rC+}
 79296 | Pan      | Identified the +8 battleaxe "Likhlium" {venom, SInv}
 79330 | Pan      | Identified the amulet "Ucuskes" {Inacc *Contam rElec Int+3 Dex+3}
 79421 | Pan      | Identified the +2 robe of Parts Unknown {rPois rN+ MR+ Int+4}
 79421 | Pan      | Identified the +2 cloak of Subrihi {*Contam rC+ Regen+ Str+2}
 79454 | Pan      | Got a fiery rune of Zot
 79526 | Pan      | Killed Cerebov
 79526 | Pan      | Identified the +6 sword of Cerebov {flame} (You took it off Cerebov in Pandemonium)
 79852 | Pan      | Noticed Sibbeuha the pandemonium lord
 79890 | Pan      | Killed Sibbeuha the pandemonium lord
 80193 | Pan      | Noticed Soyl the pandemonium lord
 80222 | Pan      | Found an exit through the horrors of the Abyss.
 80776 | Pan      | Identified the +4 naga barding of Leaves {rN+}
 80786 | Pan      | Noticed Otudeil the pandemonium lord
 80870 | Pan      | Killed Otudeil the pandemonium lord
 80971 | Pan      | Noticed Ignacio
 81000 | Pan      | Killed Ignacio
 81019 | Pan      | Noticed Japnusajukh the pandemonium lord
 81020 | Pan      | Identified the amulet "Tutrit" {Reflect rN++ Dex+2 SH+3}
 81046 | Pan      | Killed Japnusajukh the pandemonium lord
 81402 | Pan      | Found an exit through the horrors of the Abyss.
 81723 | Pan      | Found an exit through the horrors of the Abyss.
 82262 | Pan      | Found an exit through the horrors of the Abyss.
 82505 | Pan      | Found a huge runed gate.
 82505 | Pan      | Found a huge runed gate.
 82505 | Pan      | Found a huge runed gate.
 82505 | Pan      | Found a huge runed gate.
 82505 | Pan      | Noticed Keuvel the pandemonium lord
 82516 | Pan      | Found a huge runed gate.
 82517 | Pan      | Found a huge runed gate.
 82518 | Pan      | Found a huge runed gate.
 82634 | Pan      | Killed Keuvel the pandemonium lord
 82696 | Pan      | Got a demonic rune of Zot
 82792 | Depths:5 | Escaped Pandemonium
 82915 | Hell     | Found a gateway to the ashen valley of Gehenna.
 82921 | Geh:1    | Entered Level 1 of Gehenna
 83513 | Geh:3    | Cast into level 3 of the Abyss (hell knight)
 83888 | Geh:3    | Escaped the Abyss
 85409 | Geh:7    | Entered Level 7 of Gehenna
 85699 | Geh:7    | Identified the amulet "Hauthel" {Reflect Str+2 SH+5}
 86270 | Geh:7    | Identified the +8 trident of Enlapp {speed, rPois}
 86343 | Geh:7    | Noticed Asmodeus
 86414 | Geh:7    | Killed Asmodeus
 86442 | Geh:7    | Got an obsidian rune of Zot
 86733 | Hell     | Found a gateway to the Iron City of Dis.
 86740 | Dis:1    | Entered Level 1 of the Iron City of Dis
 87316 | Dis:7    | Entered Level 7 of the Iron City of Dis
 88343 | Dis:7    | Noticed Dispater
 88408 | Dis:7    | Killed Dispater
 88420 | Dis:7    | Identified the cursed +1 scale mail of the Maze {rElec Str+5}
 88425 | Dis:7    | Got an iron rune of Zot
 88761 | Hell     | Found a gateway to the decaying netherworld of Tartarus.
 88770 | Tar:1    | Entered Level 1 of Tartarus
 89484 | Tar:7    | Entered Level 7 of Tartarus
 89486 | Tar:7    | Noticed an ancient lich
 89509 | Tar:7    | Killed an ancient lich
 89862 | Tar:7    | Noticed an ancient lich
 89879 | Tar:7    | Killed an ancient lich
 90039 | Tar:7    | Reached skill level 27 in Evocations
 90198 | Tar:7    | Identified the cursed +2 great mace of the Battered Stars {antimagic, Fragile rElec Int+4} (You took it off a vampire mage on level 7 of Tartarus)
 90255 | Tar:7    | Noticed the Serpent of Hell
 90622 | Hell     | Killed the Serpent of Hell
 91581 | Tar:7    | Noticed Ereshkigal
 91704 | Tar:7    | Killed Ereshkigal
 91740 | Tar:7    | Got a bone rune of Zot
 91838 | Tar:7    | Reached skill level 27 in Dodging
 91855 | Tar:7    | Reached skill level 1 in Stealth
 92587 | Tomb:1   | Entered Level 1 of the Tomb of the Ancients
 92750 | Tomb:1   | Identified the +4 battleaxe "Jesosihi" {elec, +Rage rF+ MR+}
 92800 | Tomb:1   | Reached skill level 5 in Stealth
 92833 | Tomb:1   | Noticed a greater mummy
 92872 | Tomb:1   | Killed a greater mummy
 93075 | Tomb:1   | Noticed a greater mummy
 93092 | Tomb:1   | Killed a greater mummy
 93178 | Tomb:1   | Identified the amulet "Vubryx" {RegenMP Str+3 Int+4} (You took it off a guardian mummy on level 1 of the Tomb of the Ancients)
 93233 | Tomb:1   | Noticed a greater mummy
 93233 | Tomb:1   | Noticed a greater mummy
 93233 | Tomb:1   | Noticed a greater mummy
 93233 | Tomb:1   | Noticed a greater mummy
 93234 | Tomb:1   | Noticed a greater mummy
 93235 | Tomb:1   | Noticed a greater mummy
 93235 | Tomb:1   | Noticed a greater mummy
 93244 | Tomb:1   | Noticed a greater mummy
 93247 | Tomb:1   | Noticed a greater mummy
 93312 | Tomb:2   | Noticed a greater mummy
 93312 | Tomb:2   | Noticed a greater mummy
 93417 | Tomb:2   | Noticed a greater mummy
 93422 | Tomb:2   | Noticed a greater mummy
 93646 | Tomb:1   | Killed a greater mummy
 93650 | Tomb:2   | Noticed Khufu
 93699 | Tomb:1   | Killed a greater mummy
 93822 | Tomb:1   | Killed a greater mummy
 93898 | Tomb:1   | Killed Khufu
 93973 | Tomb:2   | Killed a greater mummy
 94203 | Tomb:2   | Reached skill level 10 in Stealth
 94258 | Tomb:2   | Killed a greater mummy
 94261 | Tomb:1   | Noticed a greater mummy
 94262 | Tomb:1   | Noticed a greater mummy
 94282 | Tomb:2   | Killed a greater mummy
 94407 | Tomb:2   | Killed a greater mummy
 94428 | Tomb:2   | Killed a greater mummy
 94587 | Tomb:2   | Killed a greater mummy
 94619 | Tomb:2   | Killed a greater mummy
 94713 | Tomb:1   | Killed a greater mummy
 94728 | Tomb:1   | Noticed a greater mummy
 94749 | Tomb:1   | Killed a greater mummy
 94782 | Tomb:1   | Noticed a greater mummy
 94785 | Tomb:1   | Noticed a greater mummy
 94800 | Tomb:1   | Killed a greater mummy
 94812 | Tomb:1   | Killed a greater mummy
 94825 | Tomb:1   | Killed a greater mummy
 94834 | Tomb:1   | Noticed a greater mummy
 94845 | Tomb:1   | Killed a greater mummy
 94859 | Tomb:1   | Killed a greater mummy
 94935 | Tomb:1   | Killed a greater mummy
 94984 | Tomb:1   | Noticed a greater mummy
 94996 | Tomb:1   | Noticed a greater mummy
 94998 | Tomb:1   | Killed a greater mummy
 95000 | Tomb:1   | Noticed a greater mummy
 95004 | Tomb:1   | Noticed a greater mummy
 95011 | Tomb:1   | Noticed a greater mummy
 95014 | Tomb:1   | Killed a greater mummy
 95028 | Tomb:1   | Killed a greater mummy
 95051 | Tomb:1   | Killed a greater mummy
 95124 | Tomb:1   | Killed a greater mummy
 95161 | Tomb:1   | Killed a greater mummy
 95384 | Tomb:3   | Entered Level 3 of the Tomb of the Ancients
 95556 | Tomb:3   | Noticed a greater mummy
 95588 | Tomb:2   | Reached skill level 15 in Stealth
 95687 | Tomb:3   | Noticed a greater mummy
 95923 | Tomb:3   | Noticed a greater mummy
 95924 | Tomb:3   | Noticed a greater mummy
 95942 | Tomb:2   | Killed a greater mummy
 95959 | Tomb:3   | Noticed a greater mummy
 96011 | Tomb:3   | Noticed a greater mummy
 96024 | Tomb:3   | Noticed a greater mummy
 96042 | Tomb:2   | Killed a greater mummy
 96105 | Tomb:2   | Killed a greater mummy
 96162 | Tomb:3   | Noticed a greater mummy
 96178 | Tomb:2   | Killed a greater mummy
 96306 | Tomb:2   | Killed a greater mummy
 96374 | Tomb:2   | Killed a greater mummy
 96423 | Tomb:3   | Noticed a greater mummy
 96530 | Tomb:2   | Killed a greater mummy
 96638 | Tomb:3   | Killed a greater mummy
 96652 | Tomb:3   | Killed a greater mummy
 96699 | Tomb:3   | Got a golden rune of Zot
 96813 | Tomb:3   | Identified the cursed +0 plate armour "Falon" {rC+}
 96813 | Tomb:3   | Identified the +0 cloak of a sewer {+Fly rN++ Dex-4}
 96814 | Tomb:3   | Identified the cursed +1 arbalest "Hefoimas" {venom, *Corrode +Blink rN+ Str+3}
 98100 | Lair:5   | Found a staircase to the Slime Pits.
 98367 | Slime:1  | Entered Level 1 of the Pits of Slime
 98683 | Slime:5  | Entered Level 5 of the Pits of Slime
 98703 | Slime:5  | Noticed Dissolution
 98709 | Slime:5  | Paralysed by a floating eye for 3 turns
 98870 | Slime:4  | Killed Dissolution
 99127 | Slime:5  | Noticed the Royal Jelly
 99535 | Slime:5  | Killed the Royal Jelly
 99776 | Slime:5  | Identified the +1 great mace of Paorghorgh {crush, *Rage Str+4}
 99777 | Slime:5  | Identified the +2 flail "Testudinebane" {crush, Dex+3}
 99801 | Slime:5  | Identified the ring of Intercession {rElec rPois EV+2 Str-4 SInv}
 99812 | Slime:5  | Got a slimy rune of Zot
 99860 | Slime:5  | Identified the cursed +0 robe of the Equator {+Blink rN+ Dex+2}
101657 | Zot:5    | Entered Level 5 of the Realm of Zot
102071 | Zot:5    | Noticed an ancient lich
102091 | Zot:5    | Killed an ancient lich
102147 | Zot:5    | Noticed an ancient lich
102154 | Zot:5    | Killed an ancient lich
102180 | Zot:5    | Noticed an ancient lich
102204 | Zot:5    | Killed an ancient lich
102254 | Zot:5    | Noticed an orb of fire
102259 | Zot:5    | Noticed an ancient lich
102285 | Zot:4    | Killed an orb of fire
102302 | Zot:5    | Killed an ancient lich
102321 | Zot:5    | Noticed an ancient lich
102338 | Zot:5    | Killed an ancient lich
102362 | Zot:5    | Noticed an orb of fire
102372 | Zot:5    | Noticed an orb of fire
102385 | Zot:5    | Killed an orb of fire
102408 | Zot:5    | Killed an orb of fire
102728 | Zot:5    | Got the Orb of Zot
102759 | Zot:5    | Noticed an ancient lich
102814 | Zot:4    | Noticed Zity the pandemonium lord
102866 | Zot:3    | Killed Zity the pandemonium lord
103314 | D:9      | Noticed Ubedidue the pandemonium lord
103335 | D:9      | Killed Ubedidue the pandemonium lord
103425 | D:6      | Noticed Etarad the pandemonium lord
103441 | D:6      | Killed Etarad the pandemonium lord
103508 | D:3      | Noticed Kagrow the pandemonium lord
103541 | D:3      | Killed Kagrow the pandemonium lord
103644 | D:$      | Escaped with the Orb!

Vault maps used:
D:1:      mrwooster_arrival_statue_3
D:2:      lemuel_round_altar, first_bread, minmay_pentomino_w4
D:3:      minitemple, grunt_ministairs_9
D:4:      grunt_temple_overflow_growth_and_decay, kennysheep_little_box,
          lemuel_round_altar, minivault_23
D:5:      minmay_diamond_boxcup, nicolae_qazlal_general_emergency,
          nicolae_dithmenos_shadow_blocks, enter_ossuary_4, uniq_duvessa,
          uniq_crazy_yiuf_cottage
D:6:      minmay_temple_entry_nine_rooms, minmay_gold_behind_fungi,
          kennysheep_crisscross, st_stairs_7, grunt_ministairs_11, uniq_pikel
D:8:      lemuel_crystal_altar, minmay_lair_entry_grove, serial_shops,
          nicolae_shop_crystal, tgw_trog
D:9:      blue_anna_alchemist
D:10:     uniq_erica
D:11:     onia_ninara_dug_in_and_dangerous
D:12:     orc_0_dummy, lemuel_nasty_fountain
D:13:     serial_undead, serial_undead_c, serial_undead_a, serial_undead_c,
          serial_undead_b, serial_undead_d, uniq_nessos
D:14:     david_vaults_4, serial_park_square1
D:15:     grunt_enter_depths_magical_seal, serial_shops, shop,
          nicolae_shop_behind_doors, shop, basic_altar, minmay_misc_feat_tiny
Lair:1:   basic_altar, lemuel_fruit_tree, serial_bayou_shore_a
Lair:2:   beast_lair_carwin_6
Lair:3:   dummy_snake_entry, grunt_forest_small_clearings
Lair:4:   minmay_swamp_entry_reptiles, uniq_nergalle
Lair:5:   beast_lair_carwin_large_3, minmay_slime_entry_oklob_enclosed,
          serial_bayou_shore_b, serial_bayou_shore_b
Lair:6:   cheibrodos_lair_end_hotspot
Swamp:1:  evilmike_swamp_ruin_rubble_2, swamp_pool5
Swamp:2:  evilmike_swamp_ruin_rubble_1, swamp_pool3
Swamp:3:  nicolae_swamp_orc_logging_accident, swamp_pool2, roderic_carrion_pond,
          uniq_mara, uniq_kirke
Swamp:4:  grunt_swamp_rune_castle, swamp_pool4
Snake:4:  johnstein_snake_rune_scales, serial_bayou_pond_e, grunt_ministairs_6,
          minmay_shoptagon
Slime:2:  cheibrodos_slime_lost_civilization_4
Slime:5:  uniq_dissolution
Orc:2:    grunt_orc_community_town_hall, grunt_orc_community_big_house_2,
          grunt_orc_community_big_house_1, grunt_orc_community_house_1,
          grunt_orc_community_house_1, grunt_orc_community_house_2,
          grunt_orc_community_house_2, serial_shops, shop, uniq_saint_roka,
          uniq_rupert
Elf:1:    portal_desolation_entry_twin_temple, serial_shops, shop,
          hangedman_elf_represent, grunt_ministairs_15
Elf:2:    uniq_roxanne
Elf:3:    elf_hall_gauntlet_wide, hangedman_feature_mirror
Vaults:1: ontoclasm_vaults_ring_small, v_misc_30, hangedman_vaults_pinch,
          vaults_standard_mumra_lines, nicolae_vaults_network_periphery,
          nicolae_vaults_stairing_the_circle, hangedman_vaults_trim,
          grunt_vaults_hallway_short, ontoclasm_vaults_ring_square,
          trove_entry_hex_spiral
Vaults:2: st_more_cells, ontoclasm_vaults_gateway, vaults_dpeg_hooks,
          ontoclasm_vaults_spin, vaults_room_door_hall, hangedman_vaults_snaps,
          serial_shops, nicolae_shop_temple_entry_statues_fountains, uniq_boris
Vaults:3: nicolae_vaults_hallways_thing, st_quartered_hall,
          minmay_crypt_entry_necro_gods, hangedman_vaults_impose,
          vaults_room_large_hall, nicolae_vaults_network_star, v_misc_33,
          nicolae_vaults_back_hallway, hangedman_vaults_maws,
          nicolae_vaults_mini_display_case, v_misc_22,
          hangedman_vaults_capsules, hangedman_vaults_nails,
          nicolae_vaults_shelves_hall, ontoclasm_vaults_decontamination,
          uniq_xtahua, uniq_frederick
Vaults:4: hangedman_vaults_slice, v_misc_22, nicolae_vaults_little_squares_3,
          v_misc_26, ontoclasm_vaults_idyll, vaults_room_pool,
          nicolae_vaults_little_squares_1, ontoclasm_vaults_shuriken,
          ontoclasm_vaults_twist, dpeg_vaults_monster_box, serial_shops,
          bzr_entry_gold, uniq_donald
Crypt:1:  minivault_24, minmay_guarded_unrand_zonguldrok, uniq_sojobo
Crypt:2:  nrook_guardian_serpent_ordinary
Crypt:3:  david_glass_crypt, serial_sigils_hangedman_shear,
          nicolae_crypt_cryptocurrency, grunt_megastairs_2, uniq_mennas
Tomb:2:   uniq_khufu
Depths:1: hell_entry, hangedman_decor_points, minmay_the_grid_3x2,
          minmay_shop_grove, uniq_enchantress
Depths:2: cell_vault, enter_ziggurat_b, hangedman_abyss_or_decor_lesser_grid,
          hell_entry, minmay_misc_feat_tower, nrook_mini_vaults,
          minmay_fountain_box, minmay_swirly_circle, uniq_jorgrun
Depths:3: hangedman_screamer, pan_entry, hell_entry,
          serial_sigils_hangedman_gnaw, grunt_ministairs_1
Depths:4: minmay_spriggan_fort, hangedman_coc_ice_floe, abyss_entry,
          fountainhead
Depths:5: evilmike_zot_entry_castle, grunt_hell_entry_dis_old,
          rand_demon_pan_entry_5, kennysheep_doodads, minmay_tree_intersection
Dis:1:    hangedman_player_shredder
Dis:4:    grunt_megastairs_1
Dis:7:    dis_st
Geh:5:    nicolae_geh_fiery_graves
Geh:6:    gehenna_fire_generator, grunt_megastairs_5
Geh:7:    geh_grunt
Coc:7:    coc_grunt
Tar:5:    nicolae_tar_cuneiform_water
Tar:7:    tar_old
Zot:1:    kennysheep_spiral_hall, hangedman_snake_sidewinding
Zot:2:    lemuel_firehouse, lemuel_lake_of_fire
Zot:4:    circus_mu
Zot:5:    kennysheep_underground_church
Abyss:2:  hangedman_decor_peaks_small
Abyss:3:  hangedman_abyss_rune_macabre_mess
Pan:      evilmike_mini_pan_3x3, pan_blood_fountain, nicolae_pan_giant_door,
          pan_blood_fountain_small, evilmike_mini_pan_diamond,
          evilmike_holy_pan, evilmike_mini_pan_3x3,
          regret_index_pan_draining_boxed, nicolae_pan_double_arrow,
          evilmike_mini_pan_corner, evilmike_mini_pan_possible_glass,
          pan_blood_fountain_2, rand_demon_3, rand_demon_5, pan_blood_fountain,
          nicolae_pan_sigil_itan, evilmike_mini_pan_pillars,
          nicolae_pan_hourglass, special_room, reaverb_pan_figure_eight,
          rand_demon_7, grunt_pan_frozen_over, pan_blood_fountain_small,
          reaverb_pan_chaos_star, evilmike_mini_pan_thingy, evilmike_mini_pan_T,
          nicolae_pan_mnolegish_5, gloorx_vloq_grunt_torture_chamber,
          evilmike_mini_pan_doors_b, nicolae_pan_strange_glyphs, mnoleg,
          evilmike_mini_pan_thingy, pan_blood_fountain_small,
          evilmike_mini_pan_doors, pan_disco_hall, nicolae_pan_sick_transit,
          grunt_pan_sceptre, lom_lobon, pan_blood_fountain_small,
          evilmike_mini_pan_thingy, evilmike_mini_pan_V,
          pan_blood_fountain_small, rand_demon_2, pan_blood_fountain_small,
          nicolae_pan_cerebovesque_2, evilmike_mini_pan_layers,
          pan_blood_fountain_small, evilmike_mini_pan_rooms,
          nicolae_pan_glass_arcs, rand_demon_4, pan_blood_fountain_small,
          grunt_pan_in_and_out, pan_blood_fountain_2,
          nicolae_pan_cerebovesque_3, nicolae_pan_giant_door,
          pan_blood_fountain_2, evilmike_cerebov_lava, rand_demon_8,
          nicolae_pan_gloorx_vloqian_2, evilmike_mini_pan_doors,
          evilmike_mini_pan_T, pan_blood_fountain, evilmike_mini_pan_corner,
          pan_surprise, evilmike_mini_pan_layers, uniq_ignacio,
          evilmike_mini_pan_pillars, nicolae_pan_lom_lobonic_4,
          nicolae_pan_giant_door, grunt_pan_pentagram
Bazaar:   bazaar_mystics
Trove:    trove_armour_six_rooms
Ossuary:  ossuary_due_pyramid

Skill      XL: |  1  2  3  4  5  6  7  8  9 10 11 12 13 14 15 16 17 18 19 20 21 22 23 24 25 26 27 |
---------------+----------------------------------------------------------------------------------+-----
Maces & Flails | 2 3 4 5 6 8 9 10 11 12 13 14 15 16 23 | 23.5
Shields        | 3 4 6 7 9 10 11 12 13 14 15 17 19 20 22 23 24 25 | 25.1
Fighting       | 4 5 6 7 8 9 11 12 13 14 15 16 17 18 19 20 21 22 23 24 25 27 | 27.0
Armour         | 3 5 8 10 11 12 13 14 15 23 | 23.2
Dodging        | 7 10 27 | 27.0
Evocations     | 9 27 | 27.0
Stealth        | 23 | 23.5

Action                   |  1- 3 |  4- 6 |  7- 9 | 10-12 | 13-15 | 16-18 | 19-21 | 22-24 | 25-27 || total
-------------------------+-------+-------+-------+-------+-------+-------+-------+-------+-------++-------
Melee: Flail             |   144 |   339 |   292 |   695 |  1437 |  1719 |  2060 |  2375 |   477 ||  9538
       Demon whip        |       |       |       |       |       |       |       |       | 18952 || 18952
Invok: Curse Item        |       |       |     2 |       |       |     4 |     3 |     1 |     4 ||    14
       Scrying           |       |       |       |       |     1 |     1 |       |     2 |    11 ||    15
Evoke: Wand              |       |       |       |     2 |     7 |     2 |     4 |     2 |    28 ||    45
       Horn of Geryon    |       |       |       |       |       |       |       |       |    12 ||    12
       Fan of gales      |       |       |       |       |       |       |       |       |     4 ||     4
       Phial of floods   |       |       |       |       |       |       |       |       |     2 ||     2
       Lamp of fire      |       |       |       |       |       |       |       |       |     1 ||     1
       Sack of spiders   |       |       |       |       |       |       |       |       |     1 ||     1
       Figurine of a zig |       |       |       |       |       |       |       |       |     1 ||     1
       Phantom mirror    |       |       |       |       |       |       |       |       |     1 ||     1
  Use: Scroll            |       |     3 |     6 |    14 |     9 |     5 |     8 |     4 |    61 ||   110
       Potion            |       |       |     1 |     3 |     3 |     3 |    10 |       |    50 ||    70
 Stab: Petrified         |       |       |       |       |     4 |       |       |       |       ||     4
       Petrifying        |       |       |       |       |     2 |       |       |       |       ||     2
       Distracted        |       |       |       |       |       |     1 |       |       |     7 ||     8
       Sleeping          |       |       |       |       |       |       |       |       |     7 ||     7
       Confused          |       |       |       |       |       |       |       |       |     3 ||     3
       Invisible         |       |       |       |       |       |       |       |       |     3 ||     3
  Eat: Chunk             |     1 |    14 |    21 |    84 |   130 |   161 |   117 |    89 |   412 ||  1029
       Meat ration       |       |       |       |       |       |       |       |     1 |    12 ||    13
Armor: Scale mail        |    67 |   185 |    78 |       |       |       |       |       |       ||   330
       Chain mail        |       |       |    21 |    90 |       |       |       |       |       ||   111
       Plate armour      |       |       |       |   247 |   436 |   627 |   567 |   563 |  5898 ||  8338
       Fire dragon scale |       |       |       |       |    11 |       |       |       |       ||    11
       Acid dragon scale |       |       |       |       |       |       |       |       |    55 ||    55
Dodge: Dodged            |    54 |   107 |    54 |   119 |   226 |   313 |   313 |   292 |  6527 ||  8005
Block: Shield            |    64 |   177 |   113 |   391 |   643 |    11 |       |       |       ||  1399
       Large shield      |       |       |       |       |       |  1601 |  2095 |  2480 | 26213 || 32389
       Reflection        |       |       |       |       |       |       |    99 |    85 |    82 ||   266
